Map: Ley Lines

Players

legend

  • Race: Zerg Zerg
  • League: Gold
  • Spawn Location: 1:00

Sindyr - Winner!

  • Race: Terran Terran
  • League: Master
  • Spawn Location: 7:00

VOD

Have the link to the VOD?

Description

Time

  • Played on: Oct. 10, 2025, 5:44 p.m.
  • Length: 34:33
Show
View Real Time Build Order
Export as new Build Order

legend Zerg 

Build Orders: Pool First, Lurkers 

Get SALT Encoding   

  12  0:14  Overlord  
  12  0:16  Drone  
  12  0:17  Drone  
  14  0:39  Spawning Pool  
  14  0:42  Drone  
  14  0:43  Drone  
  16  0:50  Drone  
  16  0:56  Extractor  
  15  1:05  Drone  
  16  1:12  Drone  
  17  1:25  Drone  
  18  1:26  Hatchery  
  17  1:36  Queen  
  19  1:44  Drone  
  19  1:45  Drone  
  21  1:55  Drone  
  22  2:04  Overlord  
  22  2:06  Metabolic Boost  
  22  2:26  Spore Crawler  
  21  2:30  Drone  
  21  2:31  Drone  
  23  2:41  Extractor  
  22  2:47  Extractor  
  22  2:48  Extractor  
  22  2:49  Lair  
  20  2:54  Hatchery  
  19  3:03  Baneling Nest  
  18  3:10  Drone x3  
  21  3:20  Overlord  
  21  3:28  Drone  
  21  3:30  Drone  
  23  3:40  Drone x2  
  25  3:41  Zergling x2  
  25  3:44  Zergling x2  
  27  3:56  Hydralisk Den  
  26  4:03  Drone x2  
  26  4:04  Drone  
  26  4:05  Drone  
  30  4:19  Spire, Drone  
  30  4:23  Baneling x3  
  30  4:24  Baneling  
  30  4:31  Drone  
  30  4:32  Drone  
  30  4:33  Drone  
  30  4:35  Drone  
  34  4:46  Lurker Den  
  33  4:53  Drone, Overlord  
  33  4:54  Hydralisk  
  33  4:58  Hydralisk  
  38  5:10  Drone  
  38  5:11  Hydralisk  
  38  5:12  Zergling x2  
  42  5:14  Spine Crawler  
  42  5:15  Drone  
  42  5:25  Overlord  
  42  5:26  Hydralisk  
  44  5:28  Drone  
  44  5:32  Mutalisk  
  47  5:50  Lurker  
  47  5:53  Drone x2  
  47  5:54  Drone x6  
  56  5:57  Extractor  
  56  5:59  Overlord  
  56  6:01  Extractor  
  54  6:15  Hydralisk x2  
  58  6:23  Lurker  
  59  6:33  Spore Crawler  
  59  6:34  Spore Crawler  
  59  6:38  Lurker, Spine Crawler  
  57  6:42  Drone x5  
  57  6:43  Drone x4  
  66  6:57  Infestation Pit  
  65  7:06  Drone  
  65  7:08  Overlord x5  
  66  7:30  Drone x2  
  66  7:31  Drone x4  
  66  7:36  Hatchery  
  71  7:38  Hive  
  71  7:45  Hydralisk x3  
  77  8:03  Spine Crawler  
  76  8:06  Lurker  
  76  8:09  Lurker  
  78  8:15  Lurker x2  
  80  8:20  Drone x5  
  80  8:21  Drone x4  
  89  8:50  Zergling x12  
  89  8:51  Zergling x2  
  89  8:54  Queen  
  98  9:09  Hatchery  
  97  9:12  Hatchery, Zergling x2  
  97  9:13  Zergling x8  
  97  9:14  Hatchery  
  97  9:16  Lurker  
  101  9:25  Baneling x4  
  101  9:26  Baneling x2  
  101  9:28  Adrenal Glands  
  101  9:50  Greater Spire  
  101  9:51  Spine Crawler  
  101  9:52  Spore Crawler, Spine Crawler  
  98  9:56  Corruptor x2  
  98  9:58  Spine Crawler, Zergling x6  
  104  10:00  Overlord x8  
  104  10:01  Overlord x2  
  104  10:03  Spine Crawler  
  103  10:24  Drone x7  
  103  10:25  Drone x2  
  112  10:37  Lurker  
  113  10:44  Evolution Chamber  
  113  10:46  Hydralisk x3  
  113  10:47  Evolution Chamber, Hydralisk x8  
  113  10:48  Evolution Chamber, Hydralisk  
  134  10:58  Roach Warren  
  133  11:07  Drone x3  
  133  11:08  Drone x6, Spine Crawler  
  133  11:11  Spine Crawler  
  132  11:49  Spore Crawler  
  132  11:53  Spore Crawler  
  130  12:01  Zerg Ground Armor Level 1  
  130  12:03  Zerg Missile Weapons Level 1  
  130  12:04  Zerg Melee Weapons Level 1  
  130  12:07  Hydralisk x8  
  130  12:08  Hydralisk x6  
  158  12:28  Zerg Flyer Weapons Level 1  
  158  12:50  Hatchery  
  157  12:54  Extractor x2, Unknown  
  154  13:02  Ultralisk Cavern  
  153  13:06  Hydralisk x2  
  153  13:07  Hydralisk x3, Spire  
  162  13:13  Drone  
  162  13:14  Drone x8  
  162  13:15  Drone x7  
  178  13:32  Spine Crawler  
  177  13:38  Spore Crawler  
  177  13:39  Glial Reconstitution, Spore Crawler x2  
  177  13:40  Spore Crawler  
  173  13:47  Grooved Spines  
  173  14:07  Drone  
  173  14:08  Drone x2  
  173  14:09  Drone x2  
  179  14:10  Drone  
  179  14:18  Hatchery  
  179  14:19  Extractor  
  179  14:22  Extractor, Zerg Flyer Armor Level 1  
  176  14:37  Muscular Augments  
  176  14:38  Drone x8  
  182  14:39  Drone x8  
  182  14:40  Drone x7  
  199  14:48  Zerg Melee Weapons Level 2  
  199  14:50  Zerg Missile Weapons Level 2  
  199  14:51  Zerg Ground Armor Level 2  
  199  14:57  Tunneling Claws  
  199  15:05  Chitinous Plating  
  199  15:09  Zerg Flyer Weapons Level 2  
  199  15:11  Spore Crawler  
  199  15:12  Spore Crawler  
  197  15:38  Spore Crawler x2  
  195  15:45  Spine Crawler  
  194  15:54  Drone x3  
  194  15:55  Spine Crawler  
  196  15:58  Spore Crawler  
  196  16:01  Spine Crawler  
  194  16:23  Anabolic Synthesis  
  194  16:34  Drone x3  
  197  16:45  Unknown  
  197  16:51  Hatchery  
  196  16:58  Hatchery  
  195  17:06  Hatchery  
  195  17:08  Centrifugal Hooks  
  194  17:26  Spine Crawler  
  193  17:32  Spine Crawler, Nydus Network  
  193  17:34  Spine Crawler  
  193  17:35  Zerg Flyer Weapons Level 3, Zerg Flyer Armor Level 2  
  190  17:44  Queen  
  190  17:48  Lurker  
  193  17:58  Overlord x4  
  193  18:00  Overlord x3  
  193  18:01  Overlord x5  
  193  18:20  Queen  
  195  18:45  Spine Crawler  
  195  18:47  Spine Crawler  
  191  18:55  Queen  
  191  19:00  Spine Crawler  
  180  19:31  Queen  
  179  19:41  Corruptor x5  
  179  19:42  Corruptor x5  
  199  20:06  Spore Crawler  
  198  20:08  Spore Crawler  
  198  20:09  Spore Crawler  
  196  20:29  Spore Crawler  
  195  20:48  Spore Crawler  
  194  20:52  Spore Crawler x2  
  194  20:54  Spore Crawler  
  191  21:14  Hatchery  
  190  21:24  Drone x3  
  190  21:25  Drone x6  
  199  21:29  Zerg Flyer Armor Level 3  
  189  21:56  Corruptor  
  189  21:57  Corruptor x8, Spire  
  189  21:58  Corruptor x8  
  189  21:59  Corruptor x6  
  189  22:00  Corruptor x2  
  160  22:17  Corruptor  
  160  22:18  Corruptor x7  
  160  22:19  Corruptor x8  
  160  22:20  Corruptor x4  
  186  22:43  Corruptor x5  
  186  22:44  Corruptor x2  
  193  22:48  Hatchery  
  198  23:04  Brood Lord  
  198  23:05  Hatchery  
  199  23:24  Drone  
  200  23:37  Spore Crawler  
  176  23:56  Hydralisk x5  
  176  23:57  Hydralisk x7  
  176  23:58  Hydralisk x4  
  190  24:51  Roach x3  
  190  24:52  Roach x2  
  196  25:09  Brood Lord x2  
  194  25:23  Extractor  
  165  25:50  Hatchery  
  158  26:13  Brood Lord x4  
  158  26:14  Brood Lord x7, Roach  
  158  26:15  Roach x8  
  158  26:16  Roach x4  
  158  26:17  Roach  
  184  26:28  Drone x7  
  184  26:29  Drone x8  
  199  26:45  Zerg Ground Armor Level 3  
  199  26:47  Zerg Melee Weapons Level 3  
  199  26:48  Zerg Missile Weapons Level 3  
  199  27:01  Hatchery  
  186  27:25  Roach x3  
  186  27:26  Hydralisk x5, Roach  
  196  27:34  Corruptor x3  
  196  27:35  Corruptor x6  
  173  27:54  Hydralisk x6  
  173  27:55  Hydralisk x8  
  190  28:12  Drone x2  
  184  28:13  Drone  
  184  28:18  Hydralisk x3  
  184  28:19  Hydralisk x4  
  199  28:35  Extractor  
  199  28:38  Extractor  
  197  28:46  Zergling x6  
  197  28:47  Zergling x2  
  198  29:05  Hatchery  
  198  29:07  Extractor  
  198  29:09  Extractor  
  182  29:16  Hydralisk  
  182  29:17  Hydralisk x7  
  162  29:18  Hydralisk  
  162  29:19  Zergling x14  
  162  29:20  Zergling x16  
  162  29:21  Zergling x14  
  136  29:40  Hydralisk x4  
  136  29:41  Hydralisk  
  136  29:42  Zergling x10  
  136  29:43  Zergling x16  
  136  29:44  Zergling x2  
  154  29:50  Baneling x5  
  154  29:51  Baneling x8  
  154  29:52  Baneling x6  
  152  29:53  Baneling x4  
  117  30:29  Zergling x16  
  117  30:30  Zergling x14  
  117  30:31  Zergling x16  
  117  30:32  Zergling x16  
  117  30:33  Zergling x10  
  125  31:05  Unknown  
  125  31:07  Zergling x8  
  125  31:08  Zergling x16  
  125  31:09  Zergling x16  
  125  31:10  Zergling x14  
  125  31:11  Zergling x16  
  131  31:12  Zergling x2  
  121  31:33  Baneling x2  
  121  31:34  Baneling x7  
  121  31:35  Baneling x8  
  121  31:36  Baneling x7  
  121  31:37  Baneling x5  
  118  31:47  Hatchery  
  73  32:09  Zergling x14  
  73  32:10  Zergling x14  
  73  32:11  Zergling x14  
  73  32:12  Zergling x16  
  73  32:13  Zergling x12  
  73  32:14  Zergling x2  
  56  32:50  Zergling x10  
  56  32:51  Zergling x14  
  51  32:52  Zergling x16  
  51  32:53  Zergling x14  
  51  32:54  Zergling x12  
  31  33:35  Zergling x2  
  31  33:36  Zergling x16  
  31  33:37  Zergling x14  
  31  33:38  Zergling x16  
  31  33:39  Zergling x12  
  58  33:59  Overlord, Zergling x8  
  58  34:00  Zergling x16  
  58  34:01  Zergling x8  
  54  34:14  Zergling x8  
  54  34:15  Zergling x12  
  54  34:16  Zergling x6  
Show
View Real Time Build Order
Export as new Build Order

Sindyr Terran - Winner!

Build Orders:  

Get SALT Encoding   

  12  0:02  SCV  
  13  0:14  SCV  
  13  0:17  Supply Depot  
  14  0:26  SCV  
  15  0:39  SCV  
  15  0:41  Barracks  
  16  0:48  Refinery  
  16  0:51  SCV  
  17  1:03  SCV  
  18  1:15  SCV  
  19  1:32  Barracks Tech Lab  
  19  1:36  Orbital Command  
  19  1:44  Command Center  
  19  2:02  SCV  
  20  2:10  Supply Depot  
  20  2:14  SCV  
  21  2:22  Marine, Factory  
  21  2:26  SCV  
  23  2:35  Refinery  
  23  2:37  Stimpack  
  23  2:40  Marine, SCV  
  25  2:52  SCV  
  25  2:53  Bunker  
  26  3:00  Marine  
  26  3:05  SCV  
  28  3:16  Starport  
  28  3:18  Marine  
  29  3:24  Orbital Command  
  29  3:26  SCV  
  30  3:33  Factory Reactor  
  30  3:38  SCV  
  31  3:48  Barracks x2  
  31  3:50  SCV  
  31  3:53  Barracks  
  32  4:01  Engineering Bay  
  32  4:02  SCV  
  33  4:07  Marine  
  34  4:14  SCV  
  35  4:20  Factory Tech Lab  
  35  4:25  Marine  
  35  4:26  SCV  
  35  4:29  Bunker, SCV  
  38  4:36  Terran Infantry Weapons Level 1  
  38  4:38  SCV  
  38  4:41  SCV  
  38  4:43  Marine  
  41  4:48  Armory  
  41  4:50  SCV  
  42  4:53  SCV  
  42  4:54  Supply Depot  
  42  4:58  Supply Depot  
  43  5:00  Supply Depot  
  43  5:01  Marine, Barracks Tech Lab, Barracks Reactor  
  43  5:02  Barracks Tech Lab  
  43  5:03  SCV  
  43  5:05  SCV  
  43  5:06  Combat Shield  
  46  5:11  Refinery  
  46  5:15  Refinery  
  46  5:16  SCV  
  46  5:17  SCV  
  46  5:19  Marine  
  49  5:28  SCV  
  50  5:29  SCV  
  51  5:40  SCV  
  51  5:41  SCV  
  53  5:43  Command Center  
  53  5:51  Marine x4  
  53  5:52  Bunker, Marauder, SCV  
  53  5:53  SCV  
  61  5:57  Siege Tank  
  64  6:04  SCV  
  65  6:17  Command Center  
  65  6:19  Marine  
  65  6:20  Marine x2  
  65  6:21  Missile Turret x2  
  65  6:22  Missile Turret  
  68  6:30  Terran Infantry Armor Level 1, Barracks  
  68  6:35  Marine x2  
  68  6:38  Barracks  
  70  6:47  Supply Depot  
  70  6:54  Marine x2  
  70  6:55  Terran Ship Weapons Level 1  
  70  6:57  Medivac x2  
  76  7:11  Starport  
  76  7:33  Orbital Command  
  76  7:42  Concussive Shells  
  76  7:49  Barracks Reactor x2  
  76  7:52  Starport Tech Lab  
  76  8:08  SCV x3  
  79  8:20  SCV x3  
  79  8:24  Terran Infantry Weapons Level 2  
  82  8:31  Refinery x2  
  82  8:36  Planetary Fortress  
  82  8:47  Viking x3  
  88  8:49  Terran Vehicle And Ship Armor Level 1  
  88  8:59  SCV  
  89  9:04  Supply Depot  
  89  9:07  Supply Depot x2  
  89  9:11  SCV  
  89  9:16  Viking  
  92  9:17  SCV  
  92  9:23  SCV  
  94  9:27  Viking x2  
  94  9:29  SCV  
  99  9:35  SCV  
  100  9:41  SCV  
  101  9:46  Viking  
  101  9:47  SCV  
  104  9:53  Engineering Bay, SCV  
  104  9:59  SCV  
  106  10:05  SCV  
  107  10:39  Terran Infantry Armor Level 2  
  107  10:43  Terran Ship Weapons Level 2, Terran Infantry Weapons Level 3  
  107  10:44  Command Center  
  107  10:49  Armory  
  107  10:53  Starport  
  107  10:56  SCV  
  108  11:08  SCV  
  107  11:20  SCV  
  108  11:32  SCV  
  109  11:50  Unknown  
  109  12:08  Terran Vehicle And Ship Armor Level 2  
  109  12:13  Orbital Command  
  109  12:37  Starport Tech Lab, Refinery  
  109  12:42  Fusion Core  
  109  12:53  SCV x3  
  112  13:00  Marine x7  
  112  13:01  Marauder x2  
  123  13:08  Terran Infantry Armor Level 3  
  123  13:09  Terran Ship Weapons Level 3  
  123  13:17  Medivac x4  
  123  13:18  Marine x2, Reaper  
  134  13:29  SCV  
  135  13:42  Sensor Tower  
  135  13:53  Battlecruiser x2  
  147  13:55  Sensor Tower  
  147  14:03  Starport  
  147  14:04  Starport  
  147  14:27  Supply Depot x2, Terran Vehicle And Ship Armor Level 3  
  147  14:30  Supply Depot  
  147  14:41  Starport  
  147  14:45  Weapon Refit  
  147  15:00  Starport Tech Lab  
  147  15:01  Sensor Tower, Starport Tech Lab  
  147  15:33  Command Center  
  147  15:40  Refinery  
  147  15:47  Terran Vehicle Weapons Level 1, Starport Tech Lab  
  147  15:49  Battlecruiser x3  
  165  15:50  Battlecruiser  
  171  16:04  Sensor Tower  
  171  16:18  Caduceus Reactor  
  171  16:47  Command Center  
  171  16:52  Planetary Fortress  
  171  17:05  Supply Depot  
  171  17:29  Command Center  
  171  17:30  Starport  
  171  17:31  Battlecruiser x4  
  195  17:56  Unknown  
  195  18:02  Planetary Fortress  
  195  18:11  Terran Vehicle Weapons Level 2  
  193  19:01  Planetary Fortress  
  193  19:06  Refinery  
  193  19:15  Thor  
  164  19:31  Refinery  
  141  19:45  Battlecruiser x4  
  165  19:46  Battlecruiser  
  171  19:55  Medivac  
  171  19:56  Medivac  
  171  19:58  Marine x9, Thor  
  190  20:09  Starport  
  190  20:12  Starport  
  190  20:15  Marine  
  190  20:16  Marine x8  
  199  20:28  Command Center  
  199  20:32  Refinery  
  199  20:33  Marine  
  200  21:22  Starport Tech Lab x2  
  200  21:30  Factory  
  200  21:31  Factory  
  200  21:33  Terran Vehicle Weapons Level 3  
  200  21:34  Factory  
  169  22:01  Battlecruiser  
  169  22:02  Battlecruiser x4  
  187  22:14  Battlecruiser x2  
  199  22:15  Factory  
  199  22:57  Orbital Command  
  199  23:28  Sensor Tower  
  127  24:02  Marine  
  127  24:03  Marine x8  
  127  24:09  Viking x9  
  114  24:20  Marine  
  114  24:21  Marine x8  
  123  24:38  Factory Tech Lab x4, Marine x3  
  123  24:39  Marine x6, Viking x9  
  123  24:41  Thor  
  156  24:56  Marine x7  
  156  24:57  Marine x2  
  164  25:09  Thor x2  
  164  25:10  Thor x2  
  164  25:13  Medivac x3  
  194  25:14  Marine x6  
  170  25:37  Marine  
  170  25:38  Marine x8  
  170  25:39  Thor  
  151  25:43  Liberator  
  151  25:45  Battlecruiser x4  
  151  25:46  Battlecruiser x3  
  182  25:52  Thor x3  
  182  25:55  Factory, Marine  
  182  25:56  Marine x4  
  200  25:58  Factory  
  200  26:00  Factory, Smart Servos  
  200  26:01  Factory  
  187  26:49  Battlecruiser x2  
  199  27:02  Orbital Command  
  199  27:05  Refinery  
  199  27:07  Refinery  
  160  27:36  Marine x9  
  139  27:38  Thor x2  
  139  27:39  Thor x3  
  139  27:41  Battlecruiser x4  
  187  27:53  Marine  
  187  27:54  Marine x5  
  193  28:17  Sensor Tower  
  193  28:21  Thor  
  193  28:26  SCV  
  200  28:27  Sensor Tower  
  200  28:34  Sensor Tower  
  200  28:36  Refinery  
  161  29:21  Marine x7  
  161  29:22  Marine x2  
  161  29:23  Thor  
  161  29:24  Thor x4  
  158  29:27  Battlecruiser  
  158  29:39  Marine x6  
  158  29:40  Marauder x3  
  164  29:57  Marine x6  
  170  30:01  Marauder x3  
  170  30:06  Thor x3  
  175  30:14  Marine x2  
  175  30:15  Marine x4  
  175  30:20  SCV  
  176  30:22  Marine x2  
  176  30:23  Marauder  
  176  30:24  Thor x2  
  163  30:39  Marine x5  
  163  30:40  Marine x3  
  157  30:43  Marine  
  157  30:49  Thor  
  164  30:50  Hellion x2  
  166  30:57  Marine x6  
  166  30:58  Marine x2  
  166  31:01  Marine  
  168  31:07  Hellion x2  
  165  31:11  Hellion  
  165  31:12  Hellion  
  165  31:15  Marine x6  
  165  31:16  Marine x2  
  173  31:19  Marine  
  172  31:26  Factory Reactor x2, Hellbat  
  172  31:29  Hellion x2  
  172  31:32  Hellion  
  182  31:33  Marine x8, Hellion x2  
  182  31:37  Marine  
  182  31:39  SCV  
  194  31:50  Hellion x2  
  194  31:51  SCV, Marine  
  200  31:55  Marine  
  200  32:00  Marine x2  
  200  32:01  Marine x5  
  190  32:03  SCV  
  189  32:09  Marine  
  189  32:11  Hellion  
  189  32:12  Hellion, Marine  
  189  32:15  SCV  
  196  32:18  Marine x6  
  194  32:27  Marine, SCV  
  172  32:30  Marine  
  172  32:31  Thor x3  
  172  32:32  Thor x2  
  172  32:36  Marine x3  
  167  32:54  Marine x9  
  176  33:12  Marine x8  
  186  33:13  Marauder  
  148  33:30  Marine x8  
  148  33:34  Marine  
  141  33:46  Thor  
  141  33:47  Thor x2  
  141  33:48  Marine x8  
  160  33:51  Marine  
  159  34:05  Marine  
  159  34:06  Marine  
  159  34:09  Command Center  
Tags
 
Composition
Lurkers
Matchup
TvZ
Opening
Pool First
Replay Pack
Multiplayer
Spawn Locations
Cross Positions
Add a new tag
Caveats
  • Supply blocks, unpowered buildings, or Contaminate may cause inaccurate times.
  • Supply counts are checked every 10 seconds.